 Dungeon Sprint DCSS version 0.18-a0-1577-gf591c28 (webtiles) character file.

8340 pipel the Executioner (level 11, -7/114 HPs)
             Began as a Minotaur Berserker on Mar 19, 2016.
             Was an Initiate of Makhleb.
             Mangled by a death yak (17 damage)
             ... in the Dungeon (Sprint VII: "The Pits").
             The game lasted 00:13:45 (791 turns).

pipel the Executioner (Minotaur Berserker)           Turns: 791, Time: 00:13:46

Health: -7/114     AC: 20    Str: 24    XL:     11   Next: 8%
Magic:  10/10      EV: 11    Int:  4    God:    Makhleb [......]
Gold:   24         SH:  0    Dex: 11    Spells: 0 memorised, 10 levels left

rFire  . . .     SeeInvis .     a - +3 executioner's axe (elec)
rCold  . . .     Gourm    .     x - +3 plate armour
rNeg   . . .     Faith    .     (shield currently unavailable)
rPois  .         Spirit   .     (helmet restricted)
rElec  .         Dismiss  .     (no cloak)
rCorr  .         Reflect  .     w - +0 pair of gloves
SustAt .         Harm     .     (no boots)
MR     .....     NoTele   +     (no amulet)
Stlth  ..........               (no ring)
                                (no ring)

@: not resistant to hostile enchantments, extremely unstealthy
A: retaliatory headbutt, horns 2
a: Renounce Religion


You were in the Dungeon.
You worshipped Makhleb.
Makhleb was noncommittal.
You were not hungry.

You visited 1 branch You collected 24 gold pieces.

Inventory:

Hand Weapons
 a - a +3 executioner's axe of electrocution (weapon)
 j - a +0 hand axe
 s - a +2 hand axe
 t - a +6 antimagic battleaxe
 B - a +4 battleaxe of chopping
 C - a +2 battleaxe of freezing
Missiles
 n - 26 stones (quivered)
Armour
 b - a +0 animal skin
 r - a +3 chain mail
 w - a +0 pair of gloves (worn)
 x - a +3 plate armour (worn)
Magical Staves
 o - an uncursed staff of energy
Jewellery
 y - a +3 ring of dexterity
 A - a +3 ring of protection
 F - an uncursed ring of magical power
 G - an uncursed ring of protection from magic
 H - an uncursed ring of positive energy
Scrolls
 i - 2 scrolls of blinking
 p - 3 scrolls of remove curse
 q - a scroll of summoning
 D - 3 scrolls of identify
 J - a scroll of fear
 L - a scroll of recharging
 M - a scroll of fog
 N - 6 scrolls of enchant armour
Potions
 d - 9 potions of curing
 e - 7 potions of heal wounds
 f - a potion of haste
 g - 4 potions of magic
 h - 5 potions of berserk rage
 m - 2 potions of invisibility
 u - 2 potions of agility
 v - 2 potions of resistance
 z - 2 potions of might
 I - a potion of cure mutation
 K - 2 potions of brilliance
Miscellaneous
 E - a lamp of fire (inert)
Comestibles
 c - 7 bread rations
 k - 37 fruits
 l - 7 meat rations


   Skills:
 + Level 16.0 Fighting
 * Level 21.0 Axes
 + Level 12.3 Armour
 + Level 10.0 Dodging


You had 10 spell levels left.
You didn't know any spells.

Dungeon Overview and Level Annotations

Branches:
Dungeon (1/1)

Altars:
Ashenzari
Cheibriados
Dithmenos
Elyvilon
Fedhas
Kikubaaqudgha
Makhleb
Nemelex Xobeh
Okawaru
Pakellas
Ru
Sif Muna
Trog
Vehumet
Xom
Yredelemnul
Zin
The Shining One
Beogh
Jiyva
Lugonu


Innate Abilities, Weirdness & Mutations

You reflexively headbutt those who attack you in melee.
You have a pair of horns on your head.


Message History

* * * LOW HITPOINT WARNING * * *
You take 29 damage, and have 16/114 hp.
MASSIVE DAMAGE!!
Unknown command.
You slash the merfolk javelineer!
Your headbutt misses the merfolk javelineer.
The merfolk javelineer is severely wounded.
You barely miss the death yak.
The death yak is almost dead.
The merfolk javelineer throws a javelin.
The javelin hits you!
* * * LOW HITPOINT WARNING * * *
The death yak gores you but does no damage.
You take 6 damage, and have 10/114 hp.
You barely miss the merfolk javelineer.
The merfolk javelineer is severely wounded.
You slash the death yak!
The death yak is almost dead.
The merfolk javelineer throws a javelin.
The javelin completely misses you. The death yak gores you!
You die...

##############
........(....+
......Y@.....+
######m####..# #Y#
#..# #Y# #..# #Y#
#..# #Y# #..# #y#
#..#
###############..#
#
.................#


You could see a merfolk javelineer, 5 death yaks and a vampire mosquito.

Vanquished Creatures
  A spriggan air mage (D)
  A death knight (D)
  A griffon (D)
  A cyclops (D)
  An elephant (D)
  A black mamba (D)
  A polar bear (D)
  A jumping spider (D)
  A giant leech (D)
  A flying skull (D)
  A redback (D)
  An air elemental (D)
  A wyvern (D)
  4 yaks (D)
  3 vampire mosquitoes (D)
  A hippogriff (D)
  A hungry ghost (D)
  Duvessa (D)
  An orc warrior (D)
  3 black bears (D)
  A wolf (D)
  A centaur (D)
  A crocodile (D)
  A giant frog (D)
  Dowan (D)
  A scorpion (D)
  A gnoll shaman (D)
  2 orc priests (D)
  2 orc wizards (D)
  A hell rat (D)
  2 worker ants (D)
  4 gnolls (D)
  An adder (D)
  An adder skeleton (D)
  A giant gecko (D)
  2 orcs (D)
  A bat skeleton (D)
  A goblin (D)
  2 hobgoblins (D)
  2 quokkas (D)
  A bat (D)
  A giant newt (D)
  2 kobolds (D)
  A rat (D)
61 creatures vanquished.

Vanquished Creatures (collateral kills)
  A merfolk javelineer (D)
  2 death yaks (D)
  A manticore (D)
  A hellwing (D)
  3 merfolk (D)
  A vampire mosquito (D)
  A soldier ant (D)
  A phantom (D)
  A gnoll sergeant (D)
  4 gnolls (D)
  A giant cockroach simulacrum (D)
17 creatures vanquished.

Grand Total: 78 creatures vanquished

Notes
Turn   | Place    | Note
--------------------------------------------------------------
     0 | D        | pipel the Minotaur Berserker began the quest for the Orb.
     0 | D        | Reached XP level 1. HP: 19/19 MP: 0/0
    11 | D        | Noticed a hell rat
    15 | D        | Reached skill level 4 in Axes
    20 | D        | Killed a hell rat
    20 | D        | Reached skill level 5 in Fighting
    20 | D        | Reached skill level 5 in Axes
    20 | D        | Reached XP level 2. HP: 11/29 MP: 1/1
    78 | D        | Noticed a hungry ghost
    86 | D        | Killed a hungry ghost
    86 | D        | Reached skill level 8 in Axes
    86 | D        | Reached skill level 5 in Dodging
    86 | D        | Reached XP level 3. HP: 21/40 MP: 2/2
    86 | D        | Reached XP level 4. HP: 25/48 MP: 3/3
    86 | D        | Reached XP level 5. HP: 27/53 MP: 4/4
   103 | D        | Reached ** piety under Trog
   114 | D        | Reached skill level 9 in Axes
   122 | D        | Reached *** piety under Trog
   179 | D        | Noticed a flying skull
   183 | D        | Reached **** piety under Trog
   184 | D        | Killed a flying skull
   184 | D        | Reached skill level 10 in Axes
   184 | D        | Reached skill level 5 in Armour
   184 | D        | Reached XP level 6. HP: 63/66 MP: 5/5
   189 | D        | Noticed an orc warrior
   191 | D        | Reached skill level 10 in Fighting
   191 | D        | Reached skill level 11 in Axes
   200 | D        | Reached ***** piety under Trog
   200 | D        | Killed an orc warrior
   200 | D        | Reached XP level 7. HP: 13/73 MP: 6/6
   227 | D        | Received a gift from Trog
   231 | D        | Noticed a black mamba
   234 | D        | Reached skill level 12 in Axes
   239 | D        | Killed a black mamba
   239 | D        | Reached skill level 13 in Axes
   241 | D        | Reached XP level 8. HP: 30/83 MP: 2/7
   244 | D        | Received a gift from Trog
   350 | D        | Noticed a polar bear
   351 | D        | Noticed a jumping spider
   356 | D        | Killed a jumping spider
   356 | D        | Reached skill level 14 in Axes
   358 | D        | Killed a polar bear
   376 | D        | Reached skill level 15 in Axes
   379 | D        | Received a gift from Trog
   379 | D        | Reached XP level 9. HP: 59/92 MP: 2/8
   391 | D        | Reached skill level 16 in Axes
   391 | D        | Reached skill level 10 in Armour
   396 | D        | Noticed a manticore
   397 | D        | Noticed a giant leech
   400 | D        | Noticed a griffon
   400 | D        | Noticed a death knight
   419 | D        | Killed a griffon
   419 | D        | Reached skill level 17 in Axes
   424 | D        | Killed a death knight
   424 | D        | Received a gift from Trog
   435 | D        | Killed a giant leech
   435 | D        | Reached skill level 18 in Axes
   435 | D        | Reached XP level 10. HP: 53/103 MP: 3/9
   436 | D        | Killed a manticore
   456 | D        | Noticed a cyclops
   473 | D        | Killed a cyclops
   486 | D        | Noticed a death yak
   489 | D        | Noticed a death yak
   490 | D        | Received a gift from Trog
   521 | D        | Reached skill level 19 in Axes
   524 | D        | Killed a death yak
   524 | D        | Received a gift from Trog
   527 | D        | Reached skill level 15 in Fighting
   529 | D        | Killed a death yak
   533 | D        | Reached ****** piety under Trog
   533 | D        | Received a gift from Trog
   554 | D        | Noticed an elephant
   564 | D        | Killed an elephant
   564 | D        | Reached skill level 20 in Axes
   565 | D        | Noticed a merfolk javelineer
   569 | D        | HP: 2/106 [merfolk javelineer/javelin of returning (13)]
   572 | D        | Killed a merfolk javelineer
   572 | D        | Received a gift from Trog
   683 | D        | Noticed Duvessa
   683 | D        | Noticed Dowan
   692 | D        | Killed Duvessa
   697 | D        | Killed Dowan
   731 | D        | Found a sacrificial altar of Ru.
   731 | D        | Found a basalt altar of Yredelemnul.
   731 | D        | Found a shadowy altar of Dithmenos.
   731 | D        | Found a deep blue altar of Sif Muna.
   731 | D        | Found a burning altar of Makhleb.
   731 | D        | Found a shimmering altar of Xom.
   731 | D        | Found an ancient bone altar of Kikubaaqudgha.
   731 | D        | Found a sparkling altar of Nemelex Xobeh.
   732 | D        | Found a glowing golden altar of the Shining One.
   732 | D        | Found a bloodstained altar of Trog.
   732 | D        | Found a shattered altar of Ashenzari.
   732 | D        | Found a white marble altar of Elyvilon.
   732 | D        | Found a snail-covered altar of Cheibriados.
   732 | D        | Found a blossoming altar of Fedhas.
   732 | D        | Found a radiant altar of Vehumet.
   732 | D        | Found a glowing silver altar of Zin.
   732 | D        | Found a corrupted altar of Lugonu.
   732 | D        | Found a viscous altar of Jiyva.
   732 | D        | Found a roughly hewn altar of Beogh.
   732 | D        | Found an iron altar of Okawaru.
   733 | D        | Found an oddly glowing altar of Pakellas.
   735 | D        | Fell from the grace of Trog
   735 | D        | Became a worshipper of Makhleb the Destroyer
   776 | D        | Noticed a death yak
   776 | D        | Noticed a death yak
   776 | D        | Noticed a death yak
   776 | D        | Noticed a death yak
   776 | D        | Noticed a death yak
   777 | D        | Noticed a spriggan air mage
   782 | D        | Killed a spriggan air mage
   782 | D        | Reached skill level 21 in Axes
   782 | D        | Reached skill level 10 in Dodging
   782 | D        | Reached XP level 11. HP: 70/114 MP: 10/10
   785 | D        | Noticed a merfolk javelineer
   791 | D        | Mangled by a death yak

Vault maps used:
D:        pitsprint

Skill      XL: |  1  2  3  4  5  6  7  8  9 10 |
---------------+-------------------------------+-----
Axes           | 5 8 10 11 13 15 18 21 | 21.0
Fighting       | 5 8 9 10 11 12 14 16 | 16.0
Armour         | 3 4 5 6 8 9 11 12 | 12.3
Dodging        | 3 5 6 7 8 9 10 | 10.0

Action                   |  1- 3 |  4- 6 |  7- 9 | 10-12 || total
-------------------------+-------+-------+-------+-------++-------
Melee: Hand axe          |    13 |    23 |    10 |       ||    46
       Battleaxe         |       |       |    65 |    27 ||    92
       Executioner's axe |       |       |       |    34 ||    34
Throw: Stone             |       |       |     1 |       ||     1
Invok: Berserk           |     2 |     1 |       |       ||     3
       Trog's Hand       |       |     1 |     4 |     3 ||     8
       Brothers in Arms  |       |       |     1 |     2 ||     3
Evoke: Lamp of fire      |       |       |       |     1 ||     1
  Use: Potion            |       |       |       |     4 ||     4
  Eat: Fruit             |     2 |       |       |     1 ||     3
       Chunk             |       |       |     2 |       ||     2
       Bread ration      |       |       |       |     1 ||     1
